AoeStats
← 7.62子弹

Marketplace

505194178Analyzed
1v1 RM · 24d ago on Sep 8, 2026· 35m 28s· 2 players
Game mode
Random Map
Map size
Tiny (2 player)
Population
200
Speed
Normal
Resources
Standard
Victory
Conquest
Starting age
Dark Age
Ending age
Imperial Age
RankedLock teamsTeams togetherTeam positionsShared explorationLock speedFull tech treeHidden civsTurbo modeCheats
Victory
Defeat
🇨🇳 Spanish · China
1210
+18
🇹🇼 Koreans · Taiwan
1252
-18
7.62子弹
8:26 Loom
10:11 Feudal Age
15:23 Castle Age
13:37 Horse Collar
14:45 Double-Bit Axe
16:45 Fletching
25:20 Husbandry
25:22 Gold Mining
28:38 Wheelbarrow
31:30 Imperial Age
29:06 Heavy Plow
30:06 Bow Saw
30:37 Scale Barding Armor
33:46 Chemistry
34:57 Chain Barding Armor
34:48 Forging
tp06204
8:34 Loom
8:41 Loom
12:05 Feudal Age
13:47 Wheelbarrow
16:51 Castle Age
14:58 Double-Bit Axe
15:39 Horse Collar
19:53 Bow Saw
20:04 Elite Skirmisher
23:07 Ballistics
24:56 Fletching
28:52 Stone Mining
33:21 Eupseong
Connection lost

Rejoining the realm…

Still unreachable

The connection could not be restored.

Session expired

The server has moved on; the page needs a fresh start.